[ AOE2 MATCH · #505518984 ]
UnrankedIncas vs Huns
Player's team · LOSS
Rival team · WIN
[ REPLAY ANALYSIS · EXTRACTED FROM THE RECORDED GAME ]
Feudal
11:51
Castle
20:35
Imperial
—
| APM avg | 77.9 |
| APM peak | 129 |
| eAPM avg | 37.0 |
| Villagers / military | 151 / 112 |
Focus
⚔️ 50.2% · 🌾 49.8%
Archer ×50 · Kamayuk ×34 · Spearman ×11 · Mangonel ×10 · Battering Ram ×4 · Unknown (2550) ×4
Feudal
14:33
Castle
18:18
Imperial
—
| APM avg | 58.0 |
| APM peak | 108 |
| eAPM avg | 30.1 |
| Villagers / military | 138 / 189 |
Focus
⚔️ 56.2% · 🌾 43.8%
Scout Cavalry ×139 · Battering Ram ×25 · Mangonel ×13 · Tarkan ×5 · Militia ×5 · Scorpion ×2
Match map
Initial resources + every placement click. Lines = walls · curves = elevation contours. ◆ gold · ⬟ stone · ● berries · ✦ relic · ◌ wall gap
Your base· Open — 7t gap
Dr. Wiley!!!'s base· Open — unwalled flank
Smoothed initial terrain · ◌ = detected wall gap · hover for details
Inputs per minute
— RD | Kiko - - Dr. Wiley!!!
Build order — RD | Kiko
First 150 of 438 actions detected
| 0:00 | Create | Villager (Male) |
| 0:00 | Create | Villager (Male) |
| 0:02 | Build | House |
| 0:02 | Build | House |
| 0:08 | Create | Villager (Male) |
| 0:11 | Create | Villager (Male) |
| 1:25 | Create | Villager (Male) |
| 1:54 | Create | Villager (Male) |
| 1:54 | Create | Villager (Male) |
| 2:18 | Create | Villager (Male) |
| 2:24 | Build | Settlement |
| 2:44 | Create | Villager (Male) |
| 3:02 | Create | Villager (Male) |
| 3:15 | Create | Villager (Male) |
| 3:41 | Create | Villager (Male) |
| 4:12 | Create | Villager (Male) |
| 4:12 | Create | Villager (Male) |
| 4:48 | Build | Barracks |
| 4:53 | Create | Villager (Male) |
| 4:58 | Create | Villager (Male) |
| 5:28 | Research | Loom |
| 5:35 | Build | Palisade Wall |
| 5:45 | Create | Villager (Male) |
| 5:53 | Create | Villager (Male) |
| 6:38 | Build | Palisade Wall |
| 6:41 | Build | Palisade Wall |
| 6:45 | Build | Palisade Wall |
| 6:46 | Build | Palisade Wall |
| 6:48 | Build | Palisade Wall |
| 6:52 | Create | Villager (Male) |
| 6:52 | Create | Villager (Male) |
| 6:54 | Create | Villager (Male) |
| 6:54 | Create | Villager (Male) |
| 6:58 | Create | Villager (Male) |
| 6:58 | Create | Villager (Male) |
| 7:16 | Create | Villager (Male) |
| 7:16 | Create | Villager (Male) |
| 7:18 | Build | Palisade Wall |
| 7:19 | Build | Palisade Wall |
| 7:20 | Build | Palisade Wall |
| 7:20 | Build | Palisade Wall |
| 7:23 | Build | Palisade Wall |
| 7:25 | Build | Farm |
| 7:26 | Build | Farm |
| 7:38 | Create | Villager (Male) |
| 7:39 | Build | Palisade Wall |
| 7:50 | Build | Farm |
| 8:08 | Build | Farm |
| 8:54 | Build | Farm |
| 9:41 | Research | Feudal Age |
| 9:41 | Research | Feudal Age |
| 10:12 | Create | Unit 2550 |
| 10:18 | Build | Farm |
| 10:21 | Build | Farm |
| 10:30 | Build | Farm |
| 10:52 | Build | Palisade Wall |
| 10:59 | Build | Palisade Wall |
| 11:04 | Create | Unit 2550 |
| 11:05 | Create | Unit 2550 |
| 11:06 | Create | Unit 2550 |
| 11:15 | Create | Villager (Male) |
| 11:25 | Create | Villager (Male) |
| 11:51 | Age | Feudal Age |
| 11:53 | Research | Tech 1402 |
| 12:00 | Research | Double-Bit Axe |
| 12:00 | Research | Double-Bit Axe |
| 12:08 | Create | Villager (Male) |
| 12:15 | Build | Archery Range |
| 12:19 | Create | Villager (Male) |
| 12:39 | Create | Villager (Male) |
| 13:00 | Create | Villager (Male) |
| 13:02 | Create | Archer |
| 13:03 | Create | Archer |
| 13:08 | Create | Villager (Male) |
| 13:11 | Create | Villager (Male) |
| 13:21 | Create | Archer |
| 13:24 | Build | Settlement |
| 13:39 | Build | Farm |
| 13:46 | Create | Archer |
| 13:50 | Create | Villager (Male) |
| 13:56 | Build | Farm |
| 13:59 | Create | Villager (Male) |
| 14:03 | Build | House |
| 14:11 | Create | Villager (Male) |
| 14:11 | Create | Archer |
| 14:24 | Create | Archer |
| 14:34 | Build | Farm |
| 14:43 | Build | House |
| 14:49 | Create | Archer |
| 14:53 | Create | Villager (Male) |
| 15:02 | Build | Farm |
| 15:18 | Build | Farm |
| 15:19 | Build | Farm |
| 15:26 | Create | Villager (Male) |
| 15:41 | Build | Farm |
| 15:44 | Create | Archer |
| 16:27 | Build | Farm |
| 16:35 | Build | Farm |
| 16:36 | Create | Villager (Male) |
| 16:55 | Build | Blacksmith |
| 17:02 | Build | Farm |
| 17:30 | Build | Farm |
| 17:46 | Build | Archery Range |
| 17:55 | Research | Castle Age |
| 18:16 | Research | Horse Collar |
| 18:16 | Research | Horse Collar |
| 18:43 | Create | Archer |
| 18:44 | Create | Archer |
| 18:49 | Research | Gold Mining |
| 18:49 | Research | Gold Mining |
| 18:50 | Research | Fletching |
| 18:51 | Create | Archer |
| 18:53 | Build | Farm |
| 18:57 | Create | Archer |
| 19:01 | Create | Archer |
| 19:17 | Build | Farm |
| 19:37 | Research | Arson |
| 19:37 | Research | Arson |
| 19:38 | Create | Archer |
| 19:38 | Create | Archer |
| 19:43 | Build | Farm |
| 19:44 | Create | Villager (Male) |
| 19:49 | Create | Archer |
| 19:50 | Create | Archer |
| 20:08 | Create | Archer |
| 20:08 | Create | Archer |
| 20:11 | Create | Villager (Male) |
| 20:35 | Age | Castle Age |
| 20:38 | Research | Crossbowman (upgrade) |
| 20:38 | Research | Crossbowman (upgrade) |
| 20:43 | Research | Bodkin Arrow |
| 20:44 | Research | Bodkin Arrow |
| 20:54 | Build | Siege Workshop |
| 21:00 | Create | Archer |
| 21:01 | Create | Archer |
| 21:05 | Create | Villager (Male) |
| 21:10 | Create | Villager (Male) |
| 21:31 | Research | Bow Saw |
| 21:38 | Create | Archer |
| 21:38 | Create | Archer |
| 21:59 | Create | Villager (Male) |
| 22:05 | Create | Villager (Male) |
| 22:05 | Create | Villager (Male) |
| 22:05 | Create | Villager (Male) |
| 22:21 | Create | Mangonel |
| 22:25 | Build | House |
| 22:29 | Create | Villager (Male) |
| 22:33 | Create | Archer |
| 22:33 | Create | Archer |
| 22:38 | Create | Villager (Male) |
Build order — Dr. Wiley!!!
First 150 of 448 actions detected
| 0:00 | Create | Villager (Male) |
| 0:00 | Create | Villager (Male) |
| 0:09 | Create | Villager (Male) |
| 0:18 | Create | Villager (Male) |
| 1:04 | Create | Villager (Male) |
| 2:00 | Create | Villager (Male) |
| 2:24 | Create | Villager (Male) |
| 2:45 | Create | Villager (Male) |
| 3:01 | Build | Barracks |
| 3:23 | Create | Villager (Male) |
| 3:38 | Create | Villager (Male) |
| 3:38 | Create | Villager (Male) |
| 3:52 | Create | Villager (Male) |
| 4:08 | Create | Militia |
| 4:20 | Build | Palisade Wall |
| 4:20 | Build | Palisade Wall |
| 4:20 | Build | Palisade Wall |
| 4:21 | Build | Palisade Wall |
| 4:21 | Build | Palisade Wall |
| 4:21 | Build | Palisade Wall |
| 4:22 | Build | Palisade Wall |
| 4:22 | Build | Palisade Wall |
| 4:27 | Create | Militia |
| 4:31 | Create | Villager (Male) |
| 4:51 | Create | Militia |
| 4:56 | Create | Villager (Male) |
| 5:11 | Create | Villager (Male) |
| 5:38 | Create | Militia ×2 |
| 5:51 | Create | Villager (Male) |
| 5:51 | Create | Villager (Male) |
| 6:07 | Build | Palisade Wall |
| 6:33 | Create | Villager (Male) |
| 6:43 | Create | Villager (Male) |
| 6:52 | Build | Palisade Wall |
| 6:54 | Build | Palisade Wall |
| 6:55 | Build | Palisade Wall |
| 6:55 | Build | Palisade Wall |
| 6:55 | Build | Palisade Wall |
| 6:55 | Build | Palisade Wall |
| 7:01 | Create | Villager (Male) |
| 7:20 | Create | Villager (Male) |
| 7:44 | Build | Mill |
| 7:58 | Create | Villager (Male) |
| 8:05 | Build | Palisade Wall |
| 8:23 | Build | Lumber Camp |
| 8:32 | Create | Villager (Male) |
| 8:57 | Create | Villager (Male) |
| 9:07 | Create | Villager (Male) |
| 9:15 | Build | Farm |
| 9:19 | Build | Palisade Wall |
| 9:19 | Build | Palisade Wall |
| 9:20 | Build | Palisade Wall |
| 9:20 | Build | Palisade Wall |
| 9:42 | Create | Villager (Male) |
| 9:53 | Build | Lumber Camp |
| 9:54 | Create | Villager (Male) |
| 9:57 | Build | Palisade Wall |
| 10:02 | Build | Palisade Wall |
| 10:34 | Create | Villager (Male) |
| 10:51 | Research | Loom |
| 10:51 | Create | Villager (Male) |
| 11:00 | Build | Farm |
| 11:05 | Create | Villager (Male) |
| 11:07 | Build | Farm |
| 11:10 | Build | Farm |
| 11:19 | Build | Farm |
| 11:30 | Create | Villager (Male) |
| 11:45 | Create | Villager (Male) |
| 11:48 | Build | Palisade Wall |
| 11:54 | Build | Palisade Wall |
| 11:59 | Research | Feudal Age |
| 12:04 | Build | Farm |
| 12:13 | Build | Farm |
| 12:14 | Build | Farm |
| 12:21 | Create | Villager (Male) |
| 13:06 | Build | Farm |
| 13:09 | Build | Palisade Wall |
| 13:10 | Build | Palisade Wall |
| 13:24 | Create | Villager (Male) |
| 13:51 | Build | Palisade Wall |
| 13:54 | Build | Palisade Wall |
| 13:57 | Create | Villager (Male) |
| 14:13 | Build | Farm |
| 14:20 | Create | Villager (Male) |
| 14:33 | Age | Feudal Age |
| 14:36 | Build | Market |
| 14:39 | Build | Blacksmith |
| 14:46 | Create | Villager (Male) |
| 15:16 | Build | Palisade Wall |
| 15:17 | Build | Palisade Wall |
| 15:22 | Build | Stone Wall |
| 15:24 | Build | Stone Wall |
| 15:38 | Research | Castle Age |
| 15:59 | Build | Stone Wall |
| 16:00 | Build | Stone Wall |
| 16:00 | Build | Stone Wall |
| 16:17 | Build | Stone Wall |
| 16:23 | Research | Double-Bit Axe |
| 16:23 | Research | Double-Bit Axe |
| 16:26 | Build | Farm |
| 16:26 | Build | Farm |
| 16:26 | Build | Farm |
| 16:27 | Build | Farm |
| 16:40 | Research | Horse Collar |
| 16:55 | Build | Stone Wall |
| 16:56 | Build | Stone Wall |
| 16:56 | Build | Stone Wall |
| 16:57 | Build | Stone Wall |
| 16:58 | Build | Stone Wall |
| 16:58 | Build | Stone Wall |
| 16:58 | Build | Stone Wall |
| 16:59 | Build | Stone Wall |
| 17:23 | Create | Villager (Male) |
| 17:23 | Create | Villager (Male) |
| 17:39 | Build | Palisade Wall |
| 17:40 | Build | Palisade Wall |
| 17:40 | Build | Palisade Wall |
| 17:41 | Build | Palisade Wall |
| 17:41 | Build | Palisade Wall |
| 18:04 | Build | Palisade Wall |
| 18:18 | Age | Castle Age |
| 18:18 | Build | Palisade Wall |
| 18:19 | Build | Palisade Wall |
| 18:19 | Build | Palisade Wall |
| 18:22 | Build | Town Center |
| 18:30 | Build | Stone Wall |
| 18:38 | Build | Siege Workshop |
| 18:41 | Research | Bow Saw |
| 18:46 | Build | Palisade Wall |
| 18:51 | Create | Villager (Male) |
| 18:57 | Build | Palisade Wall |
| 18:58 | Build | Palisade Wall |
| 19:05 | Create | Villager (Male) |
| 19:24 | Create | Scorpion |
| 19:27 | Create | Villager (Male) |
| 19:27 | Create | Villager (Male) |
| 19:27 | Create | Villager (Male) |
| 19:32 | Create | Villager (Male) |
| 19:37 | Build | Farm |
| 19:39 | Build | Farm |
| 19:40 | Build | Farm |
| 19:43 | Create | Scorpion |
| 19:44 | Create | Villager (Male) |
| 19:48 | Create | Villager (Male) |
| 19:50 | Create | Villager (Male) |
| 20:05 | Create | Villager (Male) |
| 20:08 | Build | Farm |
| 20:09 | Build | Farm |
| 20:28 | Create | Villager (Male) |
| 20:32 | Build | Farm |
Match timeline
| 3:01 | Dr. Wiley!!! · first_building Barracks |
| 4:20 | Dr. Wiley!!! · wall_segment Palisade Wall x1 |
| 4:20 | Dr. Wiley!!! · wall_segment Palisade Wall x2 |
| 4:20 | Dr. Wiley!!! · wall_segment Palisade Wall x2 |
| 4:21 | Dr. Wiley!!! · wall_segment Palisade Wall x2 |
| 4:21 | Dr. Wiley!!! · wall_segment Palisade Wall x2 |
| 4:21 | Dr. Wiley!!! · wall_segment Palisade Wall x2 |
| 4:22 | Dr. Wiley!!! · wall_segment Palisade Wall x2 |
| 4:22 | Dr. Wiley!!! · wall_segment Palisade Wall x1 |
| 4:48 | RD | Kiko · first_building Barracks |
| 5:35 | RD | Kiko · wall_segment Palisade Wall x1 |
| 6:07 | Dr. Wiley!!! · wall_segment Palisade Wall x1 |
| 6:38 | RD | Kiko · wall_segment Palisade Wall x1 |
| 6:41 | RD | Kiko · wall_segment Palisade Wall x1 |
| 6:45 | RD | Kiko · wall_segment Palisade Wall x1 |
| 6:46 | RD | Kiko · wall_segment Palisade Wall x1 |
| 6:48 | RD | Kiko · wall_segment Palisade Wall x1 |
| 6:52 | Dr. Wiley!!! · wall_segment Palisade Wall x1 |
| 6:54 | Dr. Wiley!!! · wall_segment Palisade Wall x2 |
| 6:55 | Dr. Wiley!!! · wall_segment Palisade Wall x2 |
| 6:55 | Dr. Wiley!!! · wall_segment Palisade Wall x1 |
| 6:55 | Dr. Wiley!!! · wall_segment Palisade Wall x3 |
| 6:55 | Dr. Wiley!!! · wall_segment Palisade Wall x3 |
| 7:18 | RD | Kiko · wall_segment Palisade Wall x1 |
| 7:19 | RD | Kiko · wall_segment Palisade Wall x1 |
| 7:20 | RD | Kiko · wall_segment Palisade Wall x1 |
| 7:20 | RD | Kiko · wall_segment Palisade Wall x1 |
| 7:23 | RD | Kiko · wall_segment Palisade Wall x1 |
| 7:39 | RD | Kiko · wall_segment Palisade Wall x1 |
| 8:05 | Dr. Wiley!!! · wall_segment Palisade Wall x1 |
| 9:19 | Dr. Wiley!!! · wall_segment Palisade Wall x1 |
| 9:19 | Dr. Wiley!!! · wall_segment Palisade Wall x2 |
| 9:20 | Dr. Wiley!!! · wall_segment Palisade Wall x1 |
| 9:20 | Dr. Wiley!!! · wall_segment Palisade Wall x1 |
| 9:57 | Dr. Wiley!!! · wall_segment Palisade Wall x6 |
| 10:02 | Dr. Wiley!!! · wall_segment Palisade Wall x8 |
| 10:52 | RD | Kiko · wall_segment Palisade Wall x14 |
| 10:59 | RD | Kiko · wall_segment Palisade Wall x5 |
| 11:48 | Dr. Wiley!!! · wall_segment Palisade Wall x5 |
| 11:51 | RD | Kiko · age_up feudal |
| 11:54 | Dr. Wiley!!! · wall_segment Palisade Wall x10 |
| 12:15 | RD | Kiko · first_building Archery Range |
| 13:09 | Dr. Wiley!!! · wall_segment Palisade Wall x1 |
| 13:10 | Dr. Wiley!!! · wall_segment Palisade Wall x1 |
| 13:51 | Dr. Wiley!!! · wall_segment Palisade Wall x1 |
| 13:54 | Dr. Wiley!!! · wall_segment Palisade Wall x1 |
| 14:33 | Dr. Wiley!!! · age_up feudal |
| 15:16 | Dr. Wiley!!! · wall_segment Palisade Wall x1 |
| 15:17 | Dr. Wiley!!! · wall_segment Palisade Wall x1 |
| 15:22 | Dr. Wiley!!! · wall_segment Stone Wall x1 |
| 15:24 | Dr. Wiley!!! · wall_segment Stone Wall x1 |
| 15:29 | Dr. Wiley!!! · first_market_sell 100 wood |
| 15:59 | Dr. Wiley!!! · wall_segment Stone Wall x1 |
| 16:00 | Dr. Wiley!!! · wall_segment Stone Wall x1 |
| 16:00 | Dr. Wiley!!! · wall_segment Stone Wall x1 |
| 16:17 | Dr. Wiley!!! · wall_segment Stone Wall x6 |
| 16:55 | Dr. Wiley!!! · wall_segment Stone Wall x1 |
| 16:56 | Dr. Wiley!!! · wall_segment Stone Wall x1 |
| 16:56 | Dr. Wiley!!! · wall_segment Stone Wall x1 |
| 16:57 | Dr. Wiley!!! · wall_segment Stone Wall x1 |
| 16:58 | Dr. Wiley!!! · wall_segment Stone Wall x1 |
| 16:58 | Dr. Wiley!!! · wall_segment Stone Wall x1 |
| 16:58 | Dr. Wiley!!! · wall_segment Stone Wall x1 |
| 16:59 | Dr. Wiley!!! · wall_segment Stone Wall x1 |
| 17:39 | Dr. Wiley!!! · wall_segment Palisade Wall x1 |
| 17:40 | Dr. Wiley!!! · wall_segment Palisade Wall x1 |
| 17:40 | Dr. Wiley!!! · wall_segment Palisade Wall x1 |
| 17:41 | Dr. Wiley!!! · wall_segment Palisade Wall x1 |
| 17:41 | Dr. Wiley!!! · wall_segment Palisade Wall x1 |
| 18:04 | Dr. Wiley!!! · wall_segment Palisade Wall x1 |
| 18:18 | Dr. Wiley!!! · age_up castle |
| 18:18 | Dr. Wiley!!! · wall_segment Palisade Wall x1 |
| 18:19 | Dr. Wiley!!! · wall_segment Palisade Wall x1 |
| 18:19 | Dr. Wiley!!! · wall_segment Palisade Wall x1 |
| 18:30 | Dr. Wiley!!! · wall_segment Stone Wall x1 |
| 18:38 | Dr. Wiley!!! · first_building Siege Workshop |
| 18:46 | Dr. Wiley!!! · wall_segment Palisade Wall x1 |
| 18:57 | Dr. Wiley!!! · wall_segment Palisade Wall x1 |
| 18:58 | Dr. Wiley!!! · wall_segment Palisade Wall x1 |
| 20:35 | RD | Kiko · age_up castle |
| 20:54 | RD | Kiko · first_building Siege Workshop |
| 21:03 | Dr. Wiley!!! · first_building Stable |
| 21:18 | Dr. Wiley!!! · wall_segment Palisade Wall x1 |
| 21:24 | Dr. Wiley!!! · wall_segment Palisade Wall x1 |
| 21:31 | Dr. Wiley!!! · wall_segment Palisade Wall x1 |
| 21:46 | Dr. Wiley!!! · first_market_buy 100 wood |
| 23:29 | RD | Kiko · first_building Monastery |
| 28:06 | RD | Kiko · wall_segment Palisade Wall x1 |
| 28:08 | RD | Kiko · wall_segment Palisade Wall x1 |
| 28:12 | RD | Kiko · wall_segment Palisade Wall x1 |
| 31:40 | RD | Kiko · first_building Castle |
| 37:23 | Dr. Wiley!!! · first_building Castle |
| 42:35 | RD | Kiko · wall_segment Palisade Wall x1 |
| 42:53 | RD | Kiko · first_market_buy 100 food |
| 43:44 | RD | Kiko · wall_segment Palisade Wall x1 |
| 46:45 | RD | Kiko · resign |
[ AI ANALYSIS · 1 CREDIT ]
What really happened in this match?
Wolo.gg analyzes every decision: build order, eco, micro, common mistakes by bracket. Personalized analysis on WhatsApp or Discord in 30 seconds.
Civ guide
Incas
Perfil
Jugador #1516024